Map: Acid Plant LE

Players

JonSnow - Winner!

  • Race: Zerg Zerg
  • League: Grandmaster
  • Spawn Location: 5:00

llllllllllll

  • Race: Protoss Protoss
  • League: Grandmaster
  • Spawn Location: 11:00

VOD

Have the link to the VOD?

Description

Time

  • Played on: June 9, 2018, 6:47 p.m.
  • Length: 14:30
Show
View Real Time Build Order
Export as new Build Order

JonSnow Zerg - Winner!

Build Orders: Hatch First 

Get SALT Encoding   

  12  0:01  Drone  
  13  0:12  Overlord  
  13  0:17  Drone  
  14  0:30  Drone x2  
  16  0:50  Hatchery  
  16  0:54  Drone  
  16  0:59  Drone  
  16  1:01  Drone  
  18  1:08  Extractor  
  17  1:16  Spawning Pool  
  16  1:25  Drone x2  
  18  1:32  Drone  
  19  1:44  Drone  
  20  1:55  Overlord  
  20  2:01  Drone  
  21  2:02  Drone  
  21  2:03  Queen  
  21  2:07  Queen  
  26  2:14  Metabolic Boost  
  26  2:17  Zergling x2  
  26  2:20  Drone  
  26  2:22  Zergling x2  
  29  2:25  Drone  
  30  2:32  Drone  
  31  2:42  Hatchery  
  30  2:51  Drone x3  
  30  2:57  Queen  
  35  3:00  Overlord  
  35  3:06  Zergling x2  
  36  3:14  Overlord  
  36  3:23  Drone x7  
  43  3:29  Drone  
  43  3:43  Drone  
  43  3:44  Drone x5  
  48  3:48  Lair  
  48  3:54  Drone x2, Extractor  
  48  3:55  Extractor  
  48  3:57  Overlord  
  48  4:00  Overlord  
  48  4:15  Queen  
  50  4:18  Overlord  
  50  4:26  Spore Crawler  
  50  4:27  Spore Crawler  
  50  4:28  Spore Crawler  
  47  4:32  Drone x12  
  56  4:38  Drone  
  56  4:42  Drone  
  55  4:47  Drone x2  
  57  4:55  Drone  
  57  4:56  Drone x4  
  62  5:02  Hydralisk Den  
  62  5:04  Overlord  
  61  5:08  Queen, Extractor  
  61  5:13  Zergling x2  
  61  5:14  Zergling x4  
  64  5:18  Drone  
  64  5:19  Drone  
  64  5:21  Drone  
  67  5:24  Overlord  
  67  5:27  Overlord  
  67  5:35  Hydralisk  
  67  5:36  Hydralisk x4  
  67  5:40  Grooved Spines  
  77  5:43  Hydralisk  
  77  5:44  Hydralisk  
  79  5:52  Hydralisk  
  79  5:53  Hydralisk x2  
  79  5:54  Zergling x2  
  86  6:00  Overlord  
  85  6:07  Overlord  
  85  6:08  Overlord x2  
  85  6:14  Drone  
  85  6:15  Drone x4, Extractor  
  85  6:17  Evolution Chamber  
  88  6:20  Overlord  
  88  6:24  Overlord  
  88  6:26  Drone x5  
  88  6:30  Extractor  
  88  6:31  Drone  
  93  6:42  Evolution Chamber, Zerg Missile Weapons Level 1  
  93  6:43  Hydralisk x2  
  93  6:45  Zergling x2  
  97  6:48  Hatchery  
  96  6:55  Drone x9  
  96  6:56  Muscular Augments  
  103  7:12  Hydralisk x6  
  114  7:21  Zerg Melee Weapons Level 1  
  114  7:24  Baneling Nest  
  114  7:26  Zergling x10  
  117  7:32  Zergling x4  
  119  7:38  Overlord  
  119  7:43  Hydralisk  
  119  7:44  Hydralisk x2  
  119  7:50  Hatchery, Drone  
  125  7:51  Overlord  
  125  7:52  Spine Crawler  
  124  8:00  Drone x9  
  133  8:07  Zergling x4  
  133  8:08  Centrifical Hooks, Zergling x2  
  133  8:12  Hydralisk x3  
  138  8:14  Baneling  
  138  8:15  Baneling x3  
  138  8:17  Overlord  
  142  8:22  Hydralisk x4  
  150  8:35  Extractor  
  150  8:36  Hydralisk x6  
  150  8:39  Baneling  
  150  8:40  Baneling x11  
  161  8:42  Drone  
  162  9:00  Zerg Missile Weapons Level 2  
  162  9:02  Overlord x2  
  162  9:06  Hatchery  
  161  9:10  Zergling x2  
  161  9:11  Overlord  
  162  9:20  Overlord  
  162  9:21  Zerg Melee Weapons Level 2  
  162  9:23  Hydralisk x3  
  162  9:24  Hydralisk x2  
  163  9:29  Zergling x4  
  163  9:30  Zergling x2  
  174  9:36  Zergling x2  
  174  9:37  Zergling x10  
  179  9:43  Zergling x10  
  184  9:46  Zergling x2  
  184  9:47  Zergling x4  
  187  9:53  Zergling x2  
  187  9:54  Zergling x8  
  192  10:02  Overlord x2  
  190  10:07  Infestation Pit  
  189  10:17  Hatchery  
  186  10:28  Hydralisk x5  
  174  10:29  Zergling x2  
  174  10:32  Zergling x4  
  168  10:39  Hydralisk  
  148  10:45  Hydralisk  
  145  10:50  Hydralisk  
  145  10:53  Hive  
  145  10:56  Spire  
  145  11:01  Hydralisk x2  
  149  11:08  Baneling x10  
  149  11:09  Drone  
  149  11:10  Hatchery  
  149  11:19  Drone x3  
  152  11:30  Zergling x16  
  152  11:31  Zergling x10  
  163  11:38  Zergling x2  
  163  11:39  Zergling x2  
  160  11:47  Zergling x2  
  160  11:48  Zergling x6  
  162  11:56  Hydralisk x6  
  160  12:10  Zergling x14  
  161  12:15  Hydralisk  
  161  12:18  Hydralisk  
  161  12:19  Hydralisk  
  161  12:24  Hydralisk x4  
  161  12:29  Greater Spire, Adrenal Glands  
  164  12:30  Zergling x2  
  164  12:31  Zergling x2  
  164  12:35  Hydralisk x3  
  161  12:42  Drone  
  160  12:52  Baneling x2  
  160  12:53  Baneling x2  
  160  12:54  Baneling x5  
  160  12:57  Baneling x2  
  160  12:58  Baneling x3  
  154  13:06  Corruptor x9  
  154  13:08  Zergling x4  
  169  13:32  Zergling x4  
  169  13:33  Zergling x12  
  172  13:45  Brood Lord  
  172  13:46  Brood Lord x5  
  172  13:47  Zergling x20  
  190  13:55  Brood Lord  
  192  13:59  Zergling x6  
Show
View Real Time Build Order
Export as new Build Order

llllllllllll Protoss 

Build Orders: 1 Gate Expand, Oracle Opening, Phoenix Opening, Zealot Archon 

Get SALT Encoding   

  12  0:00  Probe  
  13  0:12  Probe  
  14  0:18  Pylon  
  14  0:24  Probe  
  15  0:32  Probe  
  15  0:39  Gateway  
  15  0:40  Probe  
  16  0:48  Assimilator  
  17  0:51  Probe  
  18  1:03  Probe  
  19  1:15  Probe  
  20  1:26  Nexus  
  20  1:29  Probe  
  21  1:41  Probe, Cybernetics Core  
  21  1:46  Assimilator  
  22  1:54  Pylon  
  22  1:56  Probe  
  23  2:08  Adept  
  23  2:12  Probe  
  24  2:21  Stargate  
  26  2:24  Probe  
  27  2:31  Warp Gate  
  27  2:33  Probe  
  27  2:36  Probe  
  27  2:37  Adept  
  30  2:41  Probe  
  31  2:44  Probe  
  31  2:50  Probe  
  33  2:55  Probe  
  33  2:56  Phoenix  
  35  3:02  Probe  
  38  3:07  Pylon, Probe  
  39  3:14  Probe  
  39  3:15  Gateway  
  39  3:19  Probe  
  41  3:23  Oracle  
  41  3:27  Probe  
  45  3:31  Probe  
  45  3:33  Assimilator x2  
  46  3:39  Probe  
  47  3:43  Probe  
  46  3:49  Shield Battery  
  46  3:51  Probe  
  47  3:55  Probe  
  47  3:58  Robotics Facility  
  48  4:03  Probe  
  48  4:06  Twilight Council  
  50  4:11  Gateway  
  50  4:12  Gateway  
  50  4:15  Probe  
  50  4:17  Pylon  
  50  4:22  Probe  
  50  4:24  Charge  
  51  4:32  Probe  
  51  4:37  Warp Prism  
  52  4:39  Probe  
  52  4:44  Probe  
  54  4:46  Templar Archives  
  56  4:53  Pylon  
  56  4:58  Zealot x2  
  60  5:06  Nexus  
  60  5:07  Pylon  
  60  5:13  Observer  
  61  5:22  Forge  
  61  5:23  Gateway  
  61  5:25  Gateway  
  61  5:26  Immortal  
  61  5:30  High Templar x4  
  61  5:32  Shield Battery  
  61  5:34  Archon x2  
  61  5:35  Pylon  
  73  5:52  Probe  
  73  5:53  Probe  
  75  5:59  Protoss Ground Weapons Level 1  
  75  6:03  Immortal  
  75  6:05  Probe  
  75  6:06  Probe  
  81  6:11  Robotics Facility  
  81  6:17  Probe  
  82  6:20  Zealot x3  
  82  6:22  Psionic Storm  
  88  6:26  Zealot x3  
  88  6:32  Probe  
  95  6:34  Immortal  
  95  6:35  Probe x2  
  101  6:48  Pylon  
  101  7:02  Assimilator  
  101  7:06  Probe x3  
  101  7:08  Assimilator  
  104  7:10  Pylon  
  96  7:18  Immortal, Probe x3  
  96  7:19  Pylon  
  96  7:20  Pylon  
  96  7:22  High Templar x3  
  105  7:30  Probe x3  
  108  7:39  Immortal  
  108  7:40  Pylon  
  108  7:42  Probe x3  
  115  7:44  Observer  
  115  7:47  Protoss Ground Weapons Level 2  
  115  7:49  Pylon  
  115  7:51  Zealot x3  
  115  7:54  Probe x3  
  115  7:56  Pylon  
  124  8:02  High Templar  
  124  8:03  High Templar  
  124  8:04  Observer  
  128  8:08  Zealot, Observer  
  133  8:14  Gateway  
  133  8:15  Gateway  
  130  8:25  Nexus  
  130  8:26  Immortal, Pylon  
  130  8:28  Zealot x4  
  130  8:29  Immortal  
  144  9:02  Zealot x6, Oracle  
  142  9:12  Assimilator  
  142  9:16  Assimilator  
  145  9:19  Pylon  
  145  9:25  Zealot x4, Photon Cannon  
  145  9:27  Photon Cannon  
  145  9:29  Photon Cannon  
  145  9:32  Zealot x8  
  149  9:40  Photon Cannon  
  149  9:41  Blink  
  149  9:56  Stalker x5, Protoss Ground Weapons Level 3  
  149  9:57  Stalker  
  145  10:08  Immortal  
  138  10:29  Zealot x7  
  121  10:43  Immortal  
  121  10:44  Archon x2  
  121  10:47  Zealot  
  122  11:00  Zealot x6  
  134  11:07  Gateway  
  134  11:08  Gateway  
  134  11:16  Probe  
  134  11:18  Probe  
  126  11:19  Photon Cannon  
  126  11:20  High Templar x2  
  126  11:21  Photon Cannon  
  126  11:22  High Templar x4  
  126  11:23  High Templar, Photon Cannon  
  126  11:24  Photon Cannon  
  136  11:26  Probe  
  136  11:28  Probe x2  
  139  11:33  Assimilator, Immortal  
  139  11:39  Probe  
  144  11:42  Shield Battery  
  144  11:47  Zealot  
  123  12:02  Archon  
  123  12:03  Zealot x4  
  123  12:04  Zealot  
  111  12:08  Probe  
  111  12:09  Probe  
  111  12:14  Photon Cannon  
  107  12:17  Zealot x2  
  102  12:23  Probe  
  102  12:26  High Templar x3  
  105  12:33  Probe  
  105  12:35  Probe  
  98  12:41  Zealot, Probe  
  98  12:42  Probe  
  93  12:53  High Templar x3  
  93  12:54  High Templar  
  101  13:05  High Templar x2  
  101  13:06  High Templar x2, Probe x2  
  101  13:09  Archon  
  101  13:10  Archon  
  111  13:14  Zealot  
  111  13:15  Zealot  
  113  13:21  Probe  
  113  13:26  Zealot  
  108  13:38  High Templar  
  108  13:39  High Templar  
  108  13:54  Zealot x6  
  110  14:25  Zealot x6  
Tags
 
Add a new tag
Caveats
  • Supply blocks, unpowered buildings, or Contaminate may cause inaccurate times.
  • Supply counts are checked every 10 seconds.